 Dungeon Crawl Stone Soup version 0.31-a0-507-gbafd7f5274 (webtiles) character file.

Game seed: 8754533315972980733

2648 bmack86 the Cleaver (level 9, -5/70 HPs)
             Began as a Minotaur Fighter on Aug 10, 2023.
             Was an Initiate of Okawaru.
             Slain by a wight
             ... wielding a +5 halberd of freezing
              (13 damage)
             ... on level 6 of the Dungeon.
             The game lasted 00:17:01 (5687 turns).

bmack86 the Cleaver (Minotaur Fighter)              Turns: 5687, Time: 00:17:03

Health: -5/70      AC: 12    Str: 26    XL:     9   Next: 36%
Magic:  8/9        EV:  8    Int:  5    God:    Okawaru [......]
Gold:   242        SH:  4    Dex:  9    Spells: 8/8 levels left

rFire   . . .        a - +0 war axe (heavy)
rCold   + . .        c - +0 buckler
rNeg    + + .        h - +0 chain mail
rPois   .            (helmet restricted)
rElec   .            l - +0 cloak of the Sky {rC+ rN++}
rCorr   .            u - +0 pair of gloves
SInv    .            j - +0 pair of boots
Will    .....        (no amulet) Stlth
                     (no ring)
HPRegen 0.31/turn    (no ring)
MPRegen 0.11/turn

%: no passive effects
@: lethally poisoned (-5 -> -7)
A: horns 2, retaliatory headbutt
a: Renounce Religion


You were on level 6 of the Dungeon.
You worshipped Okawaru.
Okawaru was noncommittal.
You visited 2 branches of the dungeon, and saw 7 of its levels.

You collected 242 gold pieces.

Inventory:

Hand Weapons
 a - a +0 heavy war axe (weapon)
 w - a +3 heavy hand axe
Missiles
 x - 6 boomerangs (quivered)
 E - 2 throwing nets
Armour
 b - a +0 scale mail
 c - a +0 buckler (worn)
 h - a +0 chain mail (worn)
 j - a +0 pair of boots (worn)
 l - the +0 cloak of the Sky (worn) {rC+ rN++}
   (You found it on level 2 of the Dungeon)

   rC+:       It protects you from cold.
   rN++:      It greatly protects you from negative energy.
 u - a +0 pair of gloves (worn)
Wands
 p - a wand of polymorph (8)
 q - a wand of roots (4)
 B - a wand of mindburst (7)
Scrolls
 o - a scroll of teleportation
 y - a scroll of noise {unknown}
 C - a scroll of fear
Potions
 d - 2 potions of might
 e - 2 potions of brilliance {unknown}
 f - a potion of attraction {unknown}
 g - a potion of resistance {unknown}
 i - 4 potions of heal wounds
 k - 2 potions of invisibility {unknown}
 m - 2 potions of magic {unknown}
 n - 2 potions of ambrosia {unknown}
 r - 2 potions of lignification {unknown}
 s - 3 potions of curing
 t - a potion of degeneration {unknown}
 v - a potion of cancellation {unknown}
 z - 2 potions of berserk rage {unknown}
 A - 2 potions of mutation {unknown}


   Skills:
 - Level 3.6 Fighting
 * Level 14.9 Axes
 - Level 3.6 Armour
 - Level 3.6 Shields
 + Level 1.9 Invocations


You had 8 spell levels left.
You didn't know any spells.
Your spell library contained the following spells:

 Spells                   Type           Power      Damage    Failure   Level
 Freeze                   Ice            0%         1d3       97%         1
 Necrotise                Necr           0%         1d4       97%         1
 Frozen Ramparts          Ice            0%         1d1       100%        3
 Hailstorm                Conj/Ice       0%         3d3       100%        3
 Vampiric Draining        Necr           0%         2d6       100%        3
 Vhi's Electric Charge    Tloc/Air       0%         N/A       100%        3
 Agony                    Necr           0%         N/A       100%        5
 Arcjolt                  Conj/Air       0%         1d10      100%        5
 Plasma Beam              Fire/Air       0%         2x1d10    100%        6


Dungeon Overview and Level Annotations

Branches:
Dungeon (6/15)             Temple (1/1) D:6

Altars:
Ashenzari
Cheibriados
Fedhas
Gozag
Makhleb
Nemelex Xobeh
Okawaru
Ru
Sif Muna
Trog
Uskayaw
Vehumet
Wu Jian
Xom
Zin
The Shining One

Shops:
D:1 ?

Annotations:
Temple 2 transporters


Innate Abilities, Weirdness & Mutations

You have a pair of horns on your head.
You reflexively headbutt those who attack you in melee.


Message History

Your headbutt misses the water moccasin.
The water moccasin is almost dead.
You barely miss the ogre. The water moccasin bites you.
You are poisoned.
The water moccasin poisons you!
The ogre hits you with a +0 giant club!!
You slice the water moccasin!!
You kill the water moccasin!
Okawaru accepts your kill.
You slash the ogre!
You feel very sick. The ogre barely misses you. You furiously retaliate!
You headbutt the ogre!
Unknown command.
You slice the orc warrior!!
The orc warrior is severely wounded.
You slash the ogre!
You kill the ogre!
Okawaru accepts your kill.
You feel sick.
The wight hits you from afar with a +5 halberd of freezing!
The wight freezes you. You block the orc warrior's attack.
You closely miss the orc warrior.
The orc warrior is severely wounded.
You slice something!! Okawaru accepts your kill.
Reactivating autopickup.
You feel a bit more experienced.
You feel sick.
The wight hits you from afar with a +5 halberd of freezing!
* * * LOW HITPOINT WARNING * * *
The wight freezes you.
* * * LOW HITPOINT WARNING * * *
The orc warrior barely misses you.
You closely miss the orc warrior. Your headbutt misses the orc warrior.
The orc warrior is severely wounded.
You feel sick. The wight hits you but does no damage.
The orc warrior completely misses you.
The orc warrior hits you with a +0 flail.
* * * LOW HITPOINT WARNING * * *
The wight hits you from afar with a +5 halberd of freezing!
You die...

.........##.##..##..### .
......................# .#
#........##......#..#.####.##
#.........###...............#
####......#
#..........>....#.
##...#.##....#....
#.....#..).....#.
##)##!##...###...
#.@oo...#.#J#.#.
####z.....#.#...
#..#......... #.....##.##..
...###.#...#.#
..#.#[....!....
.....###.#...#.#
.........##.##.


You could see an orc warrior, a wight and an orc.

Vanquished Creatures
  Pikel (D:5)
  Sigmund (D:3)
  2 water moccasins
  5 ogres
  A lemure (D:5)
  A phantom (D:5)
  2 kobold brigands
  A bullfrog (D:6)
  A gnoll sergeant (D:5)
  3 howler monkeys (D:3)
  6 hounds
  A jelly (D:5)
  An orc priest (D:3)
  Jessica (D:2)
  2 iguanas
  3 orc wizards
  Natasha (thrice) (D:3)
  9 adders
  23 gnolls
  2 ufetubi
  A worm (D:2)
  2 dart slugs
  28 orcs
  A ball python (D:1)
  4 endoplasms
  4 giant cockroaches
  5 goblins
  5 hobgoblins
  14 jackals
  25 kobolds
  A quokka (D:1)
  7 bats
  4 frilled lizards
  7 rats
177 creatures vanquished.

Notes
Turn   | Place    | Note
-------+----------+-------------------------------------------
     0 | D:1      | bmack86 the Minotaur Fighter began the quest for the Orb.
     0 | D:1      | Reached XP level 1. HP: 19/19 MP: 0/0
    96 | D:1      | Reached skill level 3 in Axes
   190 | D:1      | Reached XP level 2. HP: 26/26 MP: 1/1
   403 | D:1      | Reached skill level 4 in Axes
   667 | D:1      | Found Muisk's Magic Scroll Emporium.
   830 | D:2      | Reached XP level 3. HP: 26/31 MP: 2/2
   899 | D:2      | Noticed Jessica
   919 | D:2      | Killed Jessica
   920 | D:2      | Reached skill level 5 in Axes
  1034 | D:2      | Reached XP level 4. HP: 39/39 MP: 3/3
  1047 | D:2      | Identified the +0 cloak of the Sky {rC+ rN++}
  1585 | D:3      | Reached skill level 6 in Axes
  1609 | D:3      | Reached XP level 5. HP: 29/45 MP: 4/4
  1674 | D:3      | Found a broken altar of Ashenzari.
  1805 | D:3      | Reached skill level 7 in Axes
  1824 | D:3      | Noticed Natasha
  1832 | D:3      | Killed Natasha
  1869 | D:3      | Found a faded altar of an unknown god.
  1981 | D:3      | Noticed Sigmund
  2008 | D:3      | Killed Sigmund
  2009 | D:3      | Reached skill level 8 in Axes
  2009 | D:3      | Reached XP level 6. HP: 14/51 MP: 5/5
  2486 | D:3      | Found a burning altar of Makhleb.
  2496 | D:3      | Found a shimmering blue altar of Sif Muna.
  2724 | D:3      | Noticed Natasha
  2738 | D:3      | Killed Natasha
  2742 | D:3      | Reached skill level 9 in Axes
  2750 | D:3      | Reached XP level 7. HP: 37/57 MP: 6/6
  2886 | D:3      | Reached skill level 10 in Axes
  3452 | D:3      | Noticed Natasha
  3460 | D:3      | Killed Natasha
  3461 | D:3      | Reached skill level 11 in Axes
  3685 | D:4      | Reached XP level 8. HP: 64/64 MP: 7/7
  4271 | D:5      | Entered Level 5 of the Dungeon
  4295 | D:5      | Reached skill level 12 in Axes
  4550 | D:5      | Reached skill level 13 in Axes
  4805 | D:5      | Noticed Pikel
  4820 | D:5      | Killed Pikel
  4821 | D:5      | Reached skill level 14 in Axes
  4821 | D:5      | Reached XP level 9. HP: 41/70 MP: 8/8
  5486 | D:6      | Found a staircase to the Ecumenical Temple.
  5501 | Temple   | Found a transporter.
  5501 | Temple   | Found a transporter.
  5501 | Temple   | Found a transporter.
  5501 | Temple   | Found a transporter.
  5501 | Temple   | Entered the Ecumenical Temple
  5519 | Temple   | Became a worshipper of Warmaster Okawaru
  5683 | D:6      | Reached skill level 1 in Invocations
  5687 | D:6      | Slain by a wight

Illustrated notes

Levels and vault maps discovered:
D:1:      spicycebolla_arrival_risky_transporter, layout_basic, serial_shops,
          nicolae_shop_rolled_up, amcnicky_mini_corridor_feature,
          minmay_tree_intersection
D:2:      layout_basic, hex_large, serial_bayou_pond_c, serial_bayou_lagoon_a,
          minmay_pentomino_q4, uniq_jessica
D:3:      lemuel_castle_with_subvaults [lemuel_castle_interior_carwin_2],
          layout_loops_ring, ashenzari_conservatory_becter,
          nicolae_overflow_squiral,
          dreamdust_ecumenical_altar_angels_and_demons,
          ebering_dispersal_statue_hall, uniq_natasha, uniq_sigmund
D:4:      kennysheep_kobold_camp, layout_basic
D:5:      layout_loops_corners, uniq_pikel
D:6:      layout_basic, lemuel_mausoleum_altar_kikubaaqudgha,
          dk_yredelemnul_ordeal, minmay_temple_entry_waves,
          minmay_fractal_squares_5
Temple:   hellmonk_temple_divided_pantheon

Skill      XL: |  1  2  3  4  5  6  7  8  9 |
---------------+----------------------------+-----
Axes           | 3 4 5 6 8 9 11 14 | 14.9
Invocations    | 1 |  1.9
Fighting       | |  3.6
Armour         | |  3.6
Shields        | |  3.6

Action                     |  1- 3 |  4- 6 |  7- 9 || total
---------------------------+-------+-------+-------++-------
  Melee: War axe           |    70 |   120 |    65 ||   255
         Headbutt          |    11 |    23 |    29 ||    63
         Hand axe          |       |       |   133 ||   133
    Use: Scroll            |       |       |     9 ||     9
         Potion            |       |       |     2 ||     2
 Armour: Scale mail        |    23 |       |       ||    23
         Chain mail        |    16 |    70 |    81 ||   167
  Dodge: Dodged            |    28 |    53 |   101 ||   182
  Block: Buckler           |    16 |    19 |    38 ||    73

Table legend: (Time is in decaauts)
 A = Elapsed time spent in this place.
 B = Non-inter-level travel time spent in this place.
 C = Inter-level travel time spent in this place.
 D = Time resting spent in this place.
 E = Time spent auto-exploring this place.
 F = Levels seen in this place.
 G = Mean time per level.
                   A        B        C        D        E       F      G
               +--------+--------+--------+--------+--------+-----+--------+
         Total |   5769 |   5650 |    119 |    289 |   3315 |   7 |  824.1 |
       Dungeon |   5733 |   5629 |    104 |    289 |   3315 |   6 |  955.5 |
        Temple |     35 |     20 |     15 |      0 |      0 |   1 |   35.0 |
               +--------+--------+--------+--------+--------+-----+--------+

Top non-repeatable levels by time:
     D:3: 2056 daAuts
     D:5: 1197 daAuts
     D:1: 824 daAuts
     D:2: 763 daAuts
     D:4: 706 daAuts
     D:6: 184 daAuts
  Temple: 35 daAuts
